 Dungeon Crawl Stone Soup version 0.30-a0-578-gdee14c521f (webtiles) character file.

Game seed: 4897007805230034167

189 Zonian the Sneak (level 5, -7/27 HPs)
             Began as a Vine Stalker Brigand on Dec 31, 2022.
             Killed from afar by a steam dragon (16 damage)
             ... with a ball of steam
             ... on level 4 of the Dungeon.
             The game lasted 00:04:26 (2349 turns).

Zonian the Sneak (Vine Stalker Brigand)             Turns: 2349, Time: 00:04:26

Health: -7/27      AC:  7    Str: 10    XL:     5   Next: 68%
Magic:  0/6        EV:  9    Int: 11    God:
Gold:   153        SH:  0    Dex: 23    Spells: 4/4 levels left

rFire   . . .      SeeInvis .    m - +2 dagger (flame)
rCold   . . .      Faith    .    (no shield)
rNeg    . . .      Spirit   +    s - +0 scale mail "Butsysoch" {Str-3 Dex+5}
rPois   .          Reflect  .    (no helmet)
rElec   .          Harm     .    c - +0 cloak
rCorr   .          Rampage  .    (no gloves)
Will    .....                    (no boots)
Stlth   ++                       (no amulet)
HPRegen 1.04/turn                (no ring)
MPRegen 0.10/turn                (no ring)

@: no status effects
A: fangs 2, regeneration 1, magic shield, antimagic bite, no potion heal 2
a: no special abilities


You were on level 4 of the Dungeon.
You visited 1 branch of the dungeon, and saw 4 of its levels.
You also visited: Sewer.

You collected 153 gold pieces.

Inventory:

Hand Weapons
 a - a +2 dagger
 m - a +2 dagger of flaming (weapon)
 t - a +1 vampiric dagger
Missiles
 d - 23 poisoned darts (quivered)
 e - 2 curare-tipped darts
Armour
 b - a +0 robe
 c - a +0 cloak (worn)
 s - the +0 scale mail "Butsysoch" (worn) {Str-3 Dex+5}
   (You found it on level 3 of the Dungeon)

   Str:       It affects your strength (-3).
   Dex:       It affects your dexterity (+5).
Scrolls
 f - a scroll of immolation {unknown}
 g - a scroll of noise {unknown}
 h - a scroll of enchant armour {unknown}
 n - a scroll of fog {unknown}
 p - a scroll of brand weapon {unknown}
 q - a scroll of butterflies {unknown}
 r - 2 scrolls of identify
Potions
 i - a potion of curing
 j - 2 potions of ambrosia
 k - a potion of might
 l - 2 potions of cancellation {unknown}
 o - a potion of heal wounds {unknown}


   Skills:
 + Level 2.7 Fighting
 + Level 2.7 Short Blades
 + Level 2.8 Throwing
 + Level 2.0 Dodging
 + Level 5.7 Stealth


You had 4 spell levels left.
You didn't know any spells.
Your spell library contained the following spells:

 Spells                   Type           Power      Damage    Failure   Level
 Apportation              Tloc           0%         N/A       95%         1
 Necrotise                Necr           0%         1d4       95%         1
 Summon Small Mammal      Summ           0%         N/A       95%         1
 Inner Flame              Hex/Fire       0%         N/A       100%        3
 Flame Wave               Conj/Fire      0%         2d4       100%        4
 Sticky Flame             Conj/Fire      0%         2d3       100%        4


Dungeon Overview and Level Annotations

Branches:
Dungeon (4/15)              Sewer (visited)
 Temple: D:4-7

Altars:


Innate Abilities, Weirdness & Mutations

You have extremely sharp teeth.
Your natural rate of healing is unusually fast.
When hurt, damage is shared between your health and your magic reserves.
Your bite disrupts and absorbs the magic of your enemies.
Potions cannot restore your health.


Message History

Unknown command.
Throw: 6 darts (curare)
Press: ? - help, Shift-Dir - straight line, f/p - steam dragon
Aim: a steam dragon (moderately wounded, 65% to hit)
You throw a curare-tipped dart.
The curare-tipped dart closely misses the steam dragon.
Okay, then.
Okay, then.
Okay, then.
Throw: 5 darts (curare)
Press: ? - help, Shift-Dir - straight line, f/p - steam dragon
Aim: a steam dragon (moderately wounded, 65% to hit)
You throw a curare-tipped dart.
The curare-tipped dart barely misses the steam dragon.
The steam dragon closely misses you. The steam dragon barely misses you.
You barely miss the steam dragon. You bite the steam dragon.
You drain its power.
You feel invigorated.
The steam dragon is moderately wounded.
The steam dragon bites you.
* * * LOW HITPOINT WARNING * * *
The steam dragon claws you but does no damage.
Unknown command.
Throw: 4 darts (curare)
Press: ? - help, Shift-Dir - straight line, f/p - steam dragon
Aim: a steam dragon (moderately wounded, 65% to hit)
You throw a curare-tipped dart.
The curare-tipped dart barely misses the steam dragon.
The steam dragon completely misses you. The steam dragon closely misses you.
Throw: 3 darts (curare)
Press: ? - help, Shift-Dir - straight line, f/p - steam dragon
Aim: a steam dragon (moderately wounded, 65% to hit)
You throw a curare-tipped dart.
The curare-tipped dart hits the steam dragon.
The steam dragon is poisoned.
The steam dragon convulses.
The steam dragon seems to slow down.
The steam dragon is heavily wounded.
The steam dragon breathes steam at you. The ball of steam hits you!!
Ouch! That really hurt!
You die...

#......#
#......#
#......#######
##.............
...............
...............
.......).......
.........######.
......).@.......
......<<#D..:...
#.#######.......
# #...... ......
...... .....
....(


You could see a steam dragon (very poisoned, slow, catching breath).

Vanquished Creatures
  Pargi (Sewer)
  2 adders
  2 dart slugs
  An orc (D:3)
  6 bats
  5 endoplasms
  6 giant cockroaches
  7 hobgoblins
  3 quokkas
  8 ball pythons
  6 frilled lizards
  3 goblins
  12 kobolds
  5 rats
67 creatures vanquished.

Vanquished Creatures (others)
  A goblin (D:4)
  A hobgoblin (D:4)
2 creatures vanquished.

Grand Total: 69 creatures vanquished

Notes
Turn   | Place    | Note
-------+----------+-------------------------------------------
     0 | D:1      | Zonian the Vine Stalker Brigand began the quest for the
                  | Orb.
     0 | D:1      | Reached XP level 1. HP: 11/11 MP: 2/2
   245 | D:1      | Reached skill level 1 in Dodging
   245 | D:1      | Reached XP level 2. HP: 15/15 MP: 3/3
   486 | D:1      | Reached skill level 5 in Stealth
   655 | D:2      | Reached XP level 3. HP: 15/18 MP: 4/4
  1580 | D:3      | Gained mutation: Your natural rate of healing is unusually
                  | fast. [Vine Stalker growth]
  1580 | D:3      | Reached XP level 4. HP: 8/23 MP: 5/5
  1616 | D:3      | Found a glowing drain.
  1645 | Sewer    | Entered a sewer
  1707 | Sewer    | Noticed Pargi
  1709 | Sewer    | Killed Pargi
  1710 | Sewer    | Reached XP level 5. HP: 27/27 MP: 6/6
  1873 | D:3      | Identified the +0 scale mail "Butsysoch" {Str-3 Dex+5}
  2335 | D:4      | Noticed a steam dragon
  2349 | D:4      | Killed from afar by a steam dragon

Illustrated notes

Levels and vault maps discovered:
D:1:      dpeg_arrival_simpleton_c, layout_rooms
D:2:      layout_loops_corners
D:3:      layout_loops_cross, portal_sewer_entry_f
D:4:      layout_basic, nicolae_ru_great_annihilating_truth,
          amcnicky_altar_gilded, gammafunk_temple_overflow_elements, uniq_pikel

Skill      XL: |  1  2  3  4  5 |
---------------+----------------+-----
Dodging        | 1 2 |  2.0
Stealth        | 5 |  5.7
Short Blades   | 2 |  2.7
Fighting       | 2 |  2.7
Throwing       | 2 |  2.8

Action                   |  1- 3 |  4- 6 || total
-------------------------+-------+-------++-------
Melee: Dagger            |    71 |    60 ||   131
       Bite              |    10 |    12 ||    22
       Punch             |     1 |     1 ||     2
Throw: Dart              |    35 |     5 ||    40
  Use: Scroll            |     4 |       ||     4
 Stab: Sleeping          |     8 |    11 ||    19
Armor: Robe              |    22 |     3 ||    25
       Scale mail        |       |    12 ||    12
Dodge: Dodged            |    27 |    33 ||    60

Table legend: (Time is in decaauts)
 A = Elapsed time spent in this place.
 B = Non-inter-level travel time spent in this place.
 C = Inter-level travel time spent in this place.
 D = Time resting spent in this place.
 E = Time spent auto-exploring this place.
 F = Levels seen in this place.
 G = Mean time per level.
                   A        B        C        D        E       F      G
               +--------+--------+--------+--------+--------+-----+--------+
         Total |   2334 |   2213 |    121 |      0 |   1710 |   5 |  466.8 |
       Dungeon |   2193 |   2072 |    121 |      0 |   1625 |   4 |  548.2 |
         Sewer |    141 |    141 |      0 |      0 |     85 |   1 |  141.0 |
               +--------+--------+--------+--------+--------+-----+--------+

Top non-repeatable levels by time:
     D:2: 931 daAuts
     D:3: 641 daAuts
     D:1: 607 daAuts
   Sewer: 141 daAuts
     D:4: 13 daAuts
